 Dungeon Crawl Stone Soup version 0.31-a0-221-gbddc013574 (webtiles) character file.

Game seed: 14656847704173990422

177 qw the Shooter (level 5, -2/45 HPs)
             Began as a Minotaur Hexslinger on July 3, 2023.
             Killed by divine providence
             ... invoked by an orc priest
              (12 damage)
             ... on level 3 of the Dungeon.
             The game lasted 00:00:35 (1745 turns).

qw the Shooter (Minotaur Hexslinger)                Turns: 1745, Time: 00:00:36

Health: -2/45      AC:  5    Str: 12    XL:     5   Next: 30%
Magic:  5/5        EV: 11    Int: 10    God:
Gold:   97         SH:  0    Dex: 15    Spells: 5/6 levels left

rFire   . . .        Y - +2 sling
rCold   . . .        (no shield)
rNeg    . . .        c - +0 ring mail
rPois   .            (helmet restricted)
rElec   .            (no cloak)
rCorr   .            (no gloves)
SInv    .            (no boots)
Will    .....        (no amulet)
Stlth   +            (no ring)
HPRegen 0.27/turn    (no ring)
MPRegen 0.09/turn

%: no passive effects
@: lethally poisoned (-2 -> -9)
A: horns 2, retaliatory headbutt
a: no special abilities


You were on level 3 of the Dungeon.
You visited 1 branch of the dungeon, and saw 3 of its levels.

You collected 97 gold pieces.


Innate Abilities, Weirdness & Mutations

You have a pair of horns on your head.
You reflexively headbutt those who attack you in melee.


   Skills:
 - Level 3.2 Fighting
 + Level 5.3 Ranged Weapons
 - Level 1.0 Armour
 - Level 2.1 Dodging
 - Level 1.0 Spellcasting
 - Level 2.0 Hexes


You had 5 spell levels left.
You knew the following spells:

 Your Spells              Type           Power      Damage    Failure   Level
a - Slow                  Hex            16%        N/A       34%         1

Your spell library contained the following spells:

 Spells                   Type           Power      Damage    Failure   Level
 Inner Flame              Hex/Fire       2%         N/A       83%         3
 Portal Projectile        Hex/Tloc       4%         N/A       83%         3
 Cause Fear               Hex            2%         N/A       98%         4

Inventory:

Hand Weapons
 Y - a +2 sling (weapon)
Armour
 c - a +0 ring mail (worn)
Potions
 d - a potion of heal wounds {unknown}
 e - a potion of cancellation {unknown}
 f - a potion of invisibility {unknown}

Dungeon Overview and Level Annotations

Branches:
Dungeon (3/15)

Altars:
Gozag


Message History

You shoot a sling bullet. The sling bullet hits the orc wizard.
The orc wizard is heavily wounded.
You shoot a sling bullet.
The sling bullet closely misses the orc wizard.
The orc barely misses you.
The orc wizard points at you and mumbles some strange words.
The magic dart hits you.
You shoot a sling bullet.
The sling bullet hits the orc wizard but does no damage.
The orc wizard is heavily wounded.
The orc hits you with a +0 short sword.
The orc wizard hits you but does no damage.
You are poisoned.
The orc hits you but does no damage.
You shoot a sling bullet.
The sling bullet hits the orc wizard but does no damage.
The orc wizard is heavily wounded.
You feel sick. The orc barely misses you.
The orc wizard hits you with a +1 dagger of venom.
The orc barely misses you.
You shoot a sling bullet.
The sling bullet barely misses the orc wizard.
You feel sick.
The orc priest mumbles some strange prayers to Beogh against you.
Beogh smites you! The orc barely misses you.
You shoot a sling bullet. The sling bullet hits the orc wizard.
The orc wizard is heavily wounded.
You feel sick. The orc hits you with a +0 whip.
The orc wizard hits you with a +1 dagger of venom.
You are more poisoned.
You shoot a sling bullet.
The sling bullet hits the orc wizard but does no damage.
The orc wizard is heavily wounded.
You feel very sick. The orc closely misses you. You furiously retaliate!
You headbutt the orc, but do no damage. The orc wizard barely misses you.
The orc hits you but does no damage.
The orc priest calls down the wrath of Beogh upon you.
Beogh smites you!
You die...

...._..... .......$
. #......# ###
.!.#$.....#...# .
...#......#.#.# .#
............#.##..#
##..ooo.# #....
##...o@.# ... #.
##.......###.##....
#......<..#.......#
#...........#.#####
#.(.........#.#
#.....<.........
#...<...%:..##...
##..%......#...#.#
#.........##.## .


You could see an orc priest, an orc wizard and 2 orcs.

Vanquished Creatures
  3 orc priests (D:2)
  4 adders (D:2)
  A worm (D:2)
  A dart slug (D:1)
  9 orcs (D:2)
  2 bats (D:2)
  4 endoplasms
  A giant cockroach (D:2)
  2 goblins
  A hobgoblin (D:1)
  A kobold (D:2)
  2 quokkas
  4 ball pythons
  4 frilled lizards
  2 rats (D:2)
41 creatures vanquished.

Notes
Turn   | Place    | Note
-------+----------+-------------------------------------------
     0 | D:1      | qw the Minotaur Hexslinger began the quest for the Orb.
     0 | D:1      | Reached XP level 1. HP: 16/16 MP: 1/1
     0 | D:1      | 0 ||| qw: Version: 0.3-a-40-ge99b1a8
     0 | D:1      | 0 ||| qw: Game counter: 560
     0 | D:1      | 0 ||| qw: Melee chars always use a shield: true
     0 | D:1      | 0 ||| qw: God list: Okawaru
     0 | D:1      | 0 ||| qw: Allow faded altars: false
     0 | D:1      | 0 ||| qw: Do Orc after clearing Dungeon:15 true
     0 | D:1      | 0 ||| qw: Do second Lair branch before Depths: true
     0 | D:1      | 0 ||| qw: Lair rune preference: random
     0 | D:1      | 0 ||| qw: Goals: Normal
     0 | D:1      | 0 ||| PLANNING D:1-11
   260 | D:1      | Reached skill level 3 in Ranged Weapons
   260 | D:1      | Reached XP level 2. HP: 23/23 MP: 2/2
   603 | D:1      | 603 ||| UPGRADING to +0 leather armour.
   613 | D:1      | 613 ||| DROPPING +0 robe.
   614 | D:1      | 614 ||| READING 2 scrolls labelled GUPIEZISASS.
   617 | D:1      | 617 ||| READING scroll labelled JYKHAO EGGOTA.
   718 | D:1      | 718 ||| READING scroll labelled BINTO XUAFF.
   719 | D:1      | 719 ||| READING scroll labelled SUKAFOTETH.
   720 | D:1      | 720 ||| READING 3 scrolls labelled KIRERUD HAA.
   721 | D:1      | 721 ||| READING scroll labelled BUIZXULUAK.
   722 | D:1      | 722 ||| DROPPING scroll of poison.
   723 | D:1      | 723 ||| DROPPING 2 scrolls of noise.
   759 | D:2      | Found an opulent altar of Gozag.
   779 | D:2      | 779 ||| FLEEEEING.
   780 | D:2      | 780 ||| FLEEEEING.
   781 | D:2      | 781 ||| FLEEEEING.
   789 | D:2      | 789 ||| STAIRDANCE
   931 | D:2      | Reached XP level 3. HP: 30/30 MP: 3/3
   938 | D:2      | HP: 5/30 [orc priest/+0 short sword (3)]
   939 | D:2      | 939 ||| READING scroll of teleportation.
   942 | D:2      | Reached skill level 4 in Ranged Weapons
   942 | D:2      | Reached XP level 4. HP: 7/37 MP: 4/4
  1239 | D:2      | Reached skill level 5 in Ranged Weapons
  1243 | D:2      | Reached skill level 3 in Fighting
  1243 | D:2      | Reached XP level 5. HP: 45/45 MP: 5/5
  1614 | D:2      | 1614 ||| UPGRADING to +0 ring mail.
  1624 | D:2      | 1624 ||| DROPPING +0 leather armour.
  1625 | D:2      | 1625 ||| READING scroll labelled APLYIF ISIY.
  1626 | D:2      | 1626 ||| READING scroll labelled KYTRIXOUPI.
  1658 | D:3      | 1658 ||| STAIRDANCE
  1673 | D:2      | Reached skill level 1 in Armour
  1735 | D:3      | Found a faded altar of an unknown god.
  1745 | D:3      | HP: 10/45 [poisoned by an orc wizard]
  1745 | D:3      | Killed from afar by an orc priest

Levels and vault maps discovered:
D:1:      amcnicky_arrival_wind_blow, layout_loops_ring, minmay_pentomino_x2
D:2:      cheibrodos_pilgrimage, layout_loops_cross, basic_altar
D:3:      layout_rooms, general_overflow_altar,
          hellmonk_ecumenical_altar_lost_god, grunt_decor_arrowhead

Skill      XL: |  1  2  3  4  5 |
---------------+----------------+-----
Ranged Weapons | 3 4 5 |  5.3
Fighting       | 2 3 |  3.2
Armour         | 1 |  1.0
Dodging        | |  2.1
Spellcasting   | |  1.0
Hexes          | |  2.0

Action                     |  1- 3 |  4- 6 || total
---------------------------+-------+-------++-------
   Fire: Sling             |    54 |    63 ||   117
    Use: Scroll            |     7 |     2 ||     9
 Armour: Robe              |     1 |       ||     1
         Leather armour    |     5 |     3 ||     8
         Ring mail         |       |    12 ||    12
  Dodge: Dodged            |    17 |    27 ||    44

Table legend:
 A = Non-vault XP
 B = Vault XP
 C = Vault XP percentage of total XP
 D = Non-vault monster count
 E = Vault monster count
 F = Vault count percentage of total count
                 A         B        C        D         E       F
            +---------+---------+-------+---------+---------+-------
      Total |     189 |      64 |  25.3 |      32 |       9 |  22.0
            +---------+---------+-------+---------+---------+-------
        D:1 |      13 |       3 |  18.8 |       7 |       2 |  22.2
        D:2 |     173 |      61 |  26.1 |      23 |       7 |  23.3
        D:3 |       3 |       0 |   0.0 |       2 |       0 |   0.0
            +---------+---------+-------+---------+---------+-------
